 Dungeon Crawl Stone Soup version 0.30-a0-696-g2367cd04db (webtiles) character file.

Game seed: 1474867934334779731

42 IdlyInterested the Trooper (level 3, 0/29 HPs)
             Began as a Demonspawn Fighter on Jan 20, 2023.
             Slain by an orc
             ... wielding a +0 mace
              (6 damage)
             ... on level 3 of the Dungeon.
             The game lasted 00:02:32 (1108 turns).

IdlyInterested the Trooper (Demonspawn Fighter)     Turns: 1108, Time: 00:02:33

Health: 0/29       AC:  6    Str: 16    XL:     3   Next: 35%
Magic:  3/3        EV:  9    Int:  9    God:
Gold:   82         SH:  4    Dex: 14    Spells: 2/2 levels left

rFire   . . .      SeeInvis .    a - +0 long sword
rCold   . . .      Faith    .    c - +0 buckler
rNeg    . . .      Spirit   .    b - +0 scale mail
rPois   .          Reflect  .    (no helmet)
rElec   .          Harm     .    (no cloak)
rCorr   .          Rampage  .    (no gloves)
Will    .....                    (no boots) Stlth
                                 (no amulet)
HPRegen 0.24/turn                (no ring)
MPRegen 0.08/turn                (no ring)

@: no status effects
A: ignite blood 1
a: no special abilities


You were on level 3 of the Dungeon.
You visited 1 branch of the dungeon, and saw 4 of its levels.

You collected 82 gold pieces.

Inventory:

Hand Weapons
 a - a +0 long sword (weapon)
 j - a +0 dagger of flaming
Missiles
 k - 3 stones (quivered)
Armour
 b - a +0 scale mail (worn)
 c - a +0 buckler (worn)
Magical Staves
 i - a staff of fire
Scrolls
 h - a scroll of magic mapping {unknown}
 l - a scroll of identify {unknown}
 m - a scroll of immolation {unknown}
 p - 2 scrolls of fog {unknown}
 q - a scroll of torment {unknown}
 r - a scroll of poison {unknown}
 s - a scroll of teleportation {unknown}
Potions
 d - 2 potions of might
 e - a potion of berserk rage {unknown}
 f - a potion of degeneration {unknown}
 g - a potion of magic {unknown}
 n - a potion of attraction {unknown}
 o - a potion of haste {unknown}


   Skills:
 - Level 3.0 Fighting
 * Level 2.9 Long Blades
 - Level 3.0 Armour
 * Level 1.0 Dodging
 - Level 2.6 Shields


You had 2 spell levels left.
You didn't know any spells.
Your spell library was empty.

Dungeon Overview and Level Annotations

Branches:
Dungeon (4/15)
 Temple: D:4-7

Altars:


Innate Abilities, Weirdness & Mutations

Your demonic aura sometimes causes spilled blood to erupt in flames.


Message History

The orc hits you but does no damage. The goblin hits you but does no damage.
The orc closely misses you. The orc barely misses you.
You hit the orc.
You kill the orc!
The goblin hits you but does no damage. The orc hits you with a +0 hand axe.
You block the orc's attack. The hound bites you but does no damage.
You hit the orc.
The orc is heavily wounded.
The goblin closely misses you. You block the orc's attack.
The orc hits you with a +0 mace. The hound bites you but does no damage.
The goblin misses you. You block the orc's attack. The orc barely misses you.
The hound closely misses you.
You barely miss the orc.
The orc is heavily wounded.
You block the hound's attack. You block the goblin's attack.
The orc hits you but does no damage. The orc barely misses you.
The hound bites you but does no damage.
You closely miss the orc.
The orc is heavily wounded.
The hound bites you. The goblin hits you but does no damage.
The orc closely misses you. x2
You closely miss the orc.
The orc is heavily wounded.
The hound barely misses you. The goblin hits you but does no damage.
The orc barely misses you. The orc completely misses you.
The hound bites you but does no damage.
You closely miss the orc.
The orc is heavily wounded.
The hound bites you but does no damage. The goblin hits you but does no damage.
The orc barely misses you. The orc closely misses you. The hound bites you.
The goblin hits you with a +0 dagger.
* * * LOW HITPOINT WARNING * * *
The orc hits you with a +0 hand axe.
* * * LOW HITPOINT WARNING * * *
The orc barely misses you.
You slash the orc!
You kill the orc!
The hound closely misses you. You block the hound's attack.
The orc hits you with a +0 mace.
You die...

#......# .. ....
###.†..####... ....
#........... #....
#...........
.....###...........
.#.................
...................
......h............
......o@.........#.
......))g........#
####...............
.................
..................
........#........
........#.......
........#../...


You could see a hound, an orc and a goblin.

Vanquished Creatures
  An adder (D:3)
  3 dart slugs
  2 orcs (D:3)
  2 bats (D:1)
  2 endoplasms (D:1)
  2 goblins (D:1)
  A hobgoblin (D:2)
  A kobold (D:1)
  3 quokkas (D:1)
  2 ball pythons
  4 frilled lizards
  3 rats
26 creatures vanquished.

Vanquished Creatures (others)
  A bat (D:1)
1 creature vanquished.

Grand Total: 27 creatures vanquished

Notes
Turn   | Place    | Note
-------+----------+-------------------------------------------
     0 | D:1      | IdlyInterested the Demonspawn Fighter began the quest for
                  | the Orb.
     0 | D:1      | Reached XP level 1. HP: 18/18 MP: 1/1
   141 | D:1      | Gained mutation: Your demonic aura sometimes causes spilled
                  | blood to erupt in flames. [demonic ancestry]
   141 | D:1      | Reached XP level 2. HP: 24/24 MP: 2/2
  1000 | D:2      | You fall into a shaft and drop 2 floors!
  1073 | D:3      | Reached XP level 3. HP: 29/29 MP: 3/3
  1079 | D:3      | Reached skill level 1 in Dodging
  1108 | D:3      | Slain by an orc

Illustrated notes

Levels and vault maps discovered:
D:1:      dpeg_arrival_three_bigger_balls, layout_loops_ring, st_stairs_2,
          roderic_st_hans_cross, minmay_misc_feat_encased
D:2:      layout_basic, serial_shops, shop_statue
D:3:      layout_basic, uniq_crazy_yiuf_cottage
D:4:      layout_loops_ring, nicolae_dithmenos_the_darkroom,
          nicolae_overflow_squiral, serial_shops, kennysheep_little_box,
          uniq_pikel

Skill      XL: |  1  2  3 |
---------------+----------+-----
Armour         | 3 |  3.0
Long Blades    | 2 |  2.9
Dodging        | 1 |  1.0
Fighting       | |  3.0
Shields        | |  2.6

Action                   || total
-------------------------++-------
Melee: Long sword        ||    79
Armor: Scale mail        ||    59
Dodge: Dodged            ||    49
Block: Buckler           ||    26

Table legend: (Time is in decaauts)
 A = Elapsed time spent in this place.
 B = Non-inter-level travel time spent in this place.
 C = Inter-level travel time spent in this place.
 D = Time resting spent in this place.
 E = Time spent auto-exploring this place.
 F = Levels seen in this place.
 G = Mean time per level.
                   A        B        C        D        E       F      G
               +--------+--------+--------+--------+--------+-----+--------+
         Total |   1133 |    954 |    179 |     46 |    592 |   4 |  283.2 |
       Dungeon |   1133 |    954 |    179 |     46 |    592 |   4 |  283.2 |
               +--------+--------+--------+--------+--------+-----+--------+

Top non-repeatable levels by time:
     D:1: 987 daAuts
     D:4: 67 daAuts
     D:3: 45 daAuts
     D:2: 32 daAuts
